 Dungeon Crawl Stone Soup version 0.27-a0-869-g165b36e3f0 (webtiles) character file.

Game seed: 1499221982326102633

25 Lanoc the Ruffian (level 3, 0/40 HPs)
             Began as a Formicid Transmuter on Apr 2, 2021.
             Succumbed to a water moccasin's poison
             ... on level 1 of the Dungeon.
             The game lasted 00:01:52 (1282 turns).

Lanoc the Ruffian (Formicid Transmuter)             Turns: 1282, Time: 00:01:52

Health: 0/40       AC: 21    Str: 14    XL:     3   Next: 20%
Magic:  5/6        EV:  2    Int: 13    God:
Gold:   62         SH:  0    Dex: 11    Spells: 3/6 levels left

rFire    . . .     SeeInvis .     - Unarmed
rCold    . . .     Faith    .   (no shield)
rNeg     + + +     Spirit   .   (armour currently unavailable)
rPois    +         Reflect  .   (helmet unavailable)
rElec    .         Harm     .   (cloak currently unavailable)
rCorr    .         Rampage  .   (gloves currently unavailable)
Will     .....                  (boots currently unavailable)
Stlth    +.........             (no amulet)
HPRegen  0.13/turn              i - ring of wizardry
MPRegen  0.10/turn              (no ring)

@: mighty, brilliant, lethally poisoned (0 -> -14), tree-form
A: stationary, stasis, torment immunity, boosted hp, permanent stasis, dig
shafts and tunnels, (antennae 3), four strong arms
a: no special abilities


You were on level 1 of the Dungeon.
You were a tree.
You visited 1 branch of the dungeon, and saw 2 of its levels.

You collected 62 gold pieces.

Inventory:

Armour
 a - a +0 robe (melded)
Jewellery
 e - a ring of flight
 i - a ring of wizardry (left branch)
Potions
 b - a potion of cancellation
 f - a potion of lignification
 g - a potion of attraction {unknown}
 h - a potion of heal wounds {unknown}


   Skills:
 + Level 1.6 Fighting
 + Level 2.1 Dodging
 * Level 3.4 Unarmed Combat
 - Level 2.1 Spellcasting
 + Level 2.5 Transmutations


You had 3 spell levels left.
You knew the following spells:

 Your Spells              Type           Power      Damage    Failure   Level
a - Beastly Appendage     Tmut           24%        N/A       3%          1
b - Wereblood             Tmut           12%        N/A       5%          2

Your spell library contained the following spells:

 Spells                   Type           Power      Damage    Failure   Level
 Spider Form              Tmut/Pois      3%         N/A       17%         3
 Ice Form                 Ice/Tmut       7%         N/A       50%         4
 Hydra Form               Tmut           6%         N/A       65%         5


Dungeon Overview and Level Annotations

Branches:
Dungeon (2/15)

Altars:


Innate Abilities, Weirdness & Mutations

You are a tree.
Your roots penetrate the ground, keeping you stationary.
You cannot be teleported.
You are immune to unholy pain and torment.
Your maximum health is greatly increased.
Your equipment is partially melded.
You cannot be hasted, slowed, berserked, paralysed or teleported.
You can dig through walls and to a lower floor.
((You have a pair of large antennae on your head. (SInv)))
Your four strong arms can wield two-handed weapons with a shield.


Message History

There is a stone staircase leading down here.
You climb downwards.
A water moccasin comes into view.
The water moccasin hisses angrily.
There is a stone staircase leading up here.
The water moccasin barely misses you.
You climb upwards.
There is a stone staircase leading down here.
Casting: Beastly Appendage (safe; 3% risk of failure)
Confirm with . or Enter, or press ? or * to list all spells.
Your feet morph into talons.
The water moccasin completely misses you.
You barely miss the water moccasin.
The water moccasin closely misses you. x2
You hit the water moccasin. You claw the water moccasin.
The water moccasin is lightly wounded.
The water moccasin closely misses you.
You hit the water moccasin but do no damage.
Your kick misses the water moccasin. Your punch misses the water moccasin.
The water moccasin is lightly wounded.
The water moccasin bites you!
You are poisoned.
The water moccasin poisons you!
It was a potion of cancellation.
Your magical effects are unravelling.
You feel magically purged.
Your talons disappear.
You feel very sick. The water moccasin barely misses you.
The water moccasin bites you.
It was a potion of brilliance.
You feel clever all of a sudden.
* * * LOW HITPOINT WARNING * * *
You feel sick. The water moccasin misses you.
It was a potion of might.
You feel very mighty all of a sudden.
* * * LOW HITPOINT WARNING * * *
You feel sick. The water moccasin bites you.
* * * LOW HITPOINT WARNING * * *
It was a potion of lignification.
You turn into a tree.
Your +0 robe melds into your body.
Your roots penetrate the ground.
You die...

..#.##..........#........####.###
#.#.##....##.#########.###.......
#.#.###.#..............###.....<.
#.#.......#.#...#####...#..##....
#.#.###...#...............#####..
#...........#.#.......##...## ##.
#########.....##.########...###..
.....................# ##.......
#########.)>.###♣###.######.....#
#....# #)S.......##...### #....#
#.........##...### #....#
#.........####...# #..).#
########### ###.. #....# ##†
#....# ## ###### #


You could see a water moccasin.

Vanquished Creatures
  4 ball pythons (D:1)
  2 bats (D:1)
  4 endoplasms (D:1)
  3 goblins (D:1)
  A hobgoblin (D:1)
  2 jackals (D:1)
  A quokka (D:1)
  2 frilled lizards (D:1)
  3 kobolds (D:1)
22 creatures vanquished.

Notes
Turn   | Place    | Note
-------+----------+-------------------------------------------
     0 | D:1      | Lanoc the Formicid Transmuter began the quest for the Orb.
     0 | D:1      | Reached XP level 1. HP: 15/15 MP: 3/3
   293 | D:1      | Reached XP level 2. HP: 20/21 MP: 3/5
   752 | D:1      | Reached XP level 3. HP: 15/26 MP: 4/6
   755 | D:1      | Learned a level 2 spell: Wereblood
  1272 | D:2      | Noticed a water moccasin
  1281 | D:1      | HP: 1/27 [water moccasin (5)]
  1282 | D:1      | Succumbed to a water moccasin's poison

Illustrated notes

Levels and vault maps discovered:
D:1:      dpeg_arrival_arbitrary_b, layout_basic
D:2:      layout_rooms, basic_ecumenical_altar

Skill      XL: |  1  2 |
---------------+-------+-----
Dodging        | 2 |  2.1
Fighting       | |  1.6
Unarmed Combat | |  3.4
Spellcasting   | |  2.1
Transmutations | |  2.5

Action                   || total
-------------------------++-------
Melee: Unarmed           ||    54
       Kick              ||     8
       Punch             ||     1
 Cast: Beastly Appendage ||    18
  Use: Potion            ||     4
 Stab: Distracted        ||     1
       Sleeping          ||     1
Armor: Robe              ||    11
Dodge: Dodged            ||    40

Table legend: (Time is in decaauts)
 A = Elapsed time spent in this place.
 B = Non-inter-level travel time spent in this place.
 C = Inter-level travel time spent in this place.
 D = Time resting spent in this place.
 E = Time spent auto-exploring this place.
 F = Levels seen in this place.
 G = Mean time per level.
                   A        B        C        D        E       F      G
               +--------+--------+--------+--------+--------+-----+--------+
         Total |   1279 |   1232 |     47 |      0 |   1063 |   2 |  639.5 |
       Dungeon |   1279 |   1232 |     47 |      0 |   1063 |   2 |  639.5 |
               +--------+--------+--------+--------+--------+-----+--------+

Top non-repeatable levels by time:
     D:1: 1277 daAuts
     D:2: 1 daAuts
